MLB
WASHINGTON NATIONALS @ PHILADELPHIA PHILLIES
04/05/2044
 
TOP OF THE 1ST
Washington Nationals batting - Pitching for Philadelphia Phillies : LHP Lennart Hjelm
Pitching: LHP Lennart Hjelm
Batting: RHB Luis Torres 0-0: Ball
1-0: Fly out, F7 (Flyball, 7, EV 87.5 MPH)
Batting: RHB C.J. Beavers 0-0: Called Strike
0-1: Ground out 6-3 (Groundball, 6, EV 77.5 MPH)
Batting: SHB Junzo Kato 0-0: Ball
1-0: Foul Ball, location: 2F
1-1: Foul Ball, location: 2F
1-2: Ball
2-2: SINGLE (Groundball, 6MD, EV 102.5 MPH)
Batting: RHB John Sanders 0-0: Ball
Junzo Kato steals 2nd base
1-0: SINGLE (Flyball, 56D, EV 85.0 MPH)
Junzo Kato to third
Batting: LHB R.J. O'Brien 0-0: Ball
1-0: Called Strike
1-1: Foul Ball, location: 2F
1-2: Strikes out swinging
Top of the 1st over - 0 runs, 2 hits, 0 errors, 2 left on base; Washington 0 - Philadelphia 0
BOTTOM OF THE 1ST
Philadelphia Phillies batting - Pitching for Washington Nationals : RHP Chitoji Takemoto
Pitching: RHP Chitoji Takemoto
Batting: SHB Patrick Kimmel 0-0: Ball
1-0: Ball
2-0: Ball
3-0: Called Strike
3-1: Ground out 1-3 (Groundball, 34S, EV 68.1 MPH)
Batting: RHB Ji-an Li 0-0: Ball
1-0: Ball
2-0: Fly out, F9 (Flyball, 89S, EV 83.8 MPH)
Batting: LHB Eric Katz 0-0: Ground out U3 (Groundball, 3, EV 87.5 MPH)
Bottom of the 1st over - 0 runs, 0 hits, 0 errors, 0 left on base; Washington 0 - Philadelphia 0
TOP OF THE 2ND
Washington Nationals batting - Pitching for Philadelphia Phillies : LHP Lennart Hjelm
Batting: RHB Tommy Baird 0-0: Ball
1-0: Called Strike
1-1: Ball
2-1: SINGLE (Groundball, 4M, EV 101.9 MPH) (infield hit)
Batting: LHB Armando Carbajal 0-0: Ball
1-0: Fly out, F8 (Line Drive, 8RM, EV 94.4 MPH)
Batting: RHB Mike Blair 0-0: Ball
1-0: Swinging Strike
1-1: Called Strike
1-2: Ball
2-2: Strikes out swinging
Batting: SHB Andrew Wray II 0-0: Ball
1-0: Called Strike
1-1: Ball
2-1: Foul Ball, location: 2F
2-2: Foul Ball, location: 2F
2-2: Foul Ball, location: 2F
2-2: SINGLE (Line Drive, 34, EV 102.5 MPH)
Tommy Baird to second
Batting: RHB Luis Torres 0-0: SINGLE (Line Drive, 56, EV 98.8 MPH)
Tommy Baird to third
Andrew Wray II to second
Runner from 3rd tries for Home, SAFE, throw by LF to home
Andrew Wray II to third
Luis Torres to second
Batting: RHB C.J. Beavers 0-0: Called Strike
0-1: 3-RUN HOME RUN (Flyball, 7LD, EV 92.5 MPH), Distance : 339 ft
Batting: SHB Junzo Kato 0-0: Ball
1-0: Foul Ball, location: 2F
1-1: Swinging Strike
1-2: Ball
2-2: Foul Ball, location: 2F
2-2: Ball
3-2: Base on Balls
Batting: RHB John Sanders 0-0: Fly out, F8 (Flyball, 8RXD, EV 103.1 MPH)
Top of the 2nd over - 4 runs, 4 hits, 0 errors, 1 left on base; Washington 4 - Philadelphia 0
BOTTOM OF THE 2ND
Philadelphia Phillies batting - Pitching for Washington Nationals : RHP Chitoji Takemoto
Batting: LHB Alberto Figueroa 0-0: Ball
1-0: Ball
2-0: Fly out, F8 (Flyball, 8LD, EV 89.4 MPH)
Batting: LHB Ryan Trombley 0-0: Called Strike
0-1: Ball
1-1: Swinging Strike
1-2: Strikes out swinging
Batting: RHB Raul de la Cruz 0-0: Ball
1-0: Ball
2-0: Called Strike
2-1: Ground out 6-3 (Groundball, 56, EV 106.2 MPH)
Bottom of the 2nd over - 0 runs, 0 hits, 0 errors, 0 left on base; Washington 4 - Philadelphia 0
TOP OF THE 3RD
Washington Nationals batting - Pitching for Philadelphia Phillies : LHP Lennart Hjelm
Batting: LHB R.J. O'Brien 0-0: Ball
1-0: Ball
2-0: Ground out 6-3 (Groundball, 6M, EV 109.4 MPH)
Batting: RHB Tommy Baird 0-0: Ball
1-0: Ball
2-0: Called Strike
2-1: Called Strike
2-2: Ball
3-2: Base on Balls
Batting: LHB Armando Carbajal 0-0: Ball
1-0: Grounds into double play, 1-6-3 (Groundball, 13, EV 72.5 MPH)
Top of the 3rd over - 0 runs, 0 hits, 0 errors, 0 left on base; Washington 4 - Philadelphia 0
BOTTOM OF THE 3RD
Philadelphia Phillies batting - Pitching for Washington Nationals : RHP Chitoji Takemoto
Batting: LHB Nick Canizales 0-0: Ball
1-0: Fly out, F4 (Line Drive, 4, EV 74.4 MPH)
Batting: RHB Chef Belew 0-0: Foul Ball, location: 2F
0-1: Ball
1-1: Ball
2-1: Ball
3-1: Called Strike
3-2: SINGLE (Line Drive, 9LS, EV 103.1 MPH)
Batting: RHB Luis Arce 0-0: Called Strike
0-1: Ball
1-1: SINGLE (Line Drive, 89S, EV 105.6 MPH)
Chef Belew to second
Batting: SHB Patrick Kimmel 0-0: Ball
1-0: Ball
2-0: Hit by Pitch
Chef Belew to third
Luis Arce to second
Batting: RHB Ji-an Li 0-0: Ball
1-0: Ball
2-0: Foul Ball, location: 2F
2-1: Ball
3-1: Grounds into double play, 6-4-3 (Groundball, 6, EV 83.8 MPH)
Bottom of the 3rd over - 0 runs, 2 hits, 0 errors, 2 left on base; Washington 4 - Philadelphia 0
TOP OF THE 4TH
Washington Nationals batting - Pitching for Philadelphia Phillies : LHP Lennart Hjelm
Batting: RHB Mike Blair 0-0: Foul Ball, location: 2F
0-1: Ball
1-1: Foul Ball, location: 2F
1-2: Strikes out swinging
Batting: SHB Andrew Wray II 0-0: Ground out U3 (Groundball, 34S, EV 92.5 MPH)
Batting: RHB Luis Torres 0-0: Foul Ball, location: 2F
0-1: Called Strike
0-2: Ground out 6-3 (Groundball, 56, EV 90.0 MPH)
Top of the 4th over - 0 runs, 0 hits, 0 errors, 0 left on base; Washington 4 - Philadelphia 0
BOTTOM OF THE 4TH
Philadelphia Phillies batting - Pitching for Washington Nationals : RHP Chitoji Takemoto
Batting: LHB Eric Katz 0-0: Called Strike
0-1: Ball
1-1: Ground out 6-3 (Groundball, 6, EV 85.6 MPH)
Batting: LHB Alberto Figueroa 0-0: Ground out 5-3 (Groundball, 56, EV 91.9 MPH)
Batting: LHB Ryan Trombley 0-0: Ball
1-0: Called Strike
1-1: Ball
2-1: Foul Ball, location: 2F
2-2: Ball
3-2: Foul Ball, location: 2F
3-2: Foul Ball, location: 2F
3-2: Foul Ball, location: 2F
3-2: Foul Ball, location: 2F
3-2: Foul Ball, location: 2F
3-2: Foul Ball, location: 2F
3-2: Ground out 6-3 (Groundball, 6, EV 82.5 MPH)
Bottom of the 4th over - 0 runs, 0 hits, 0 errors, 0 left on base; Washington 4 - Philadelphia 0
TOP OF THE 5TH
Washington Nationals batting - Pitching for Philadelphia Phillies : LHP Lennart Hjelm
Batting: RHB C.J. Beavers 0-0: Called Strike
0-1: Foul Ball, location: 2F
0-2: Foul Ball, location: 2F
0-2: Ground out 4-3 (Groundball, 4, EV 77.5 MPH)
Batting: SHB Junzo Kato 0-0: Ball
1-0: Ball
2-0: Called Strike
2-1: Foul Ball, location: 2F
2-2: Foul Ball, location: 2F
2-2: SOLO HOME RUN (Flyball, 9LD, EV 96.9 MPH), Distance : 339 ft
Pitching: LHP Luis Concepcion
Batting: RHB John Sanders 0-0: Ball
1-0: Ball
2-0: Called Strike
2-1: SINGLE (Groundball, 6D, EV 98.1 MPH)
Batting: LHB R.J. O'Brien 0-0: Ball
1-0: Called Strike
1-1: Ball
2-1: Grounds into double play, 4-6-3 (Groundball, 4, EV 76.2 MPH)
Top of the 5th over - 1 run, 2 hits, 0 errors, 0 left on base; Washington 5 - Philadelphia 0
BOTTOM OF THE 5TH
Philadelphia Phillies batting - Pitching for Washington Nationals : RHP Chitoji Takemoto
Batting: RHB Raul de la Cruz 0-0: Ball
1-0: Swinging Strike
1-1: Foul Ball, location: 2F
1-2: SINGLE (Line Drive, 8LS, EV 91.9 MPH)
Batting: LHB Nick Canizales 0-0: Fielders Choice at 2nd, 4-6 (Groundball, 4, EV 90.6 MPH)
Batting: RHB Chef Belew 0-0: Ball
1-0: Ball
2-0: Called Strike
2-1: Swinging Strike
2-2: Foul Ball, location: 2F
2-2: SINGLE (Line Drive, 34D, EV 97.5 MPH)
Nick Canizales to second
Runner from 2nd tries for 3rd, SAFE, throw by RF made to third
Batting: RHB Luis Arce 0-0: DOUBLE (Flyball, 8RXD, EV 107.5 MPH)
Nick Canizales scores
Chef Belew to third
Runner from 3rd tries for Home, SAFE, throw by CF to home
Batting: SHB Patrick Kimmel 0-0: Ball
1-0: Called Strike
1-1: Ball
2-1: Foul Ball, location: 2F
2-2: Foul Ball, location: 2F
2-2: Fly out, F8 (Flyball, 8LXD, EV 90.6 MPH)
Runner from 2nd tags up, SAFE at 3rd, no throw by CF
Batting: RHB Ji-an Li 0-0: Called Strike
0-1: Ball
1-1: SINGLE (Flyball, 6MD, EV 87.5 MPH)
Luis Arce scores
Batting: LHB Eric Katz 0-0: Called Strike
0-1: Foul Ball, location: 2F
0-2: Ball
1-2: Ball
2-2: Ball
Ji-an Li steals 2nd, throwing error, E2
Ji-an Li to third
3-2: Foul Ball, location: 2F
3-2: Foul Ball, location: 2F
3-2: Ground out 6-3 (Groundball, 6, EV 81.9 MPH)
Bottom of the 5th over - 3 runs, 4 hits, 1 error, 1 left on base; Washington 5 - Philadelphia 3
TOP OF THE 6TH
Washington Nationals batting - Pitching for Philadelphia Phillies : LHP Luis Concepcion
Batting: RHB Tommy Baird 0-0: Foul Ball, location: 2F
0-1: Ball
1-1: Called Strike
1-2: Ball
2-2: Ball
3-2: Foul Ball, location: 2F
3-2: Strikes out swinging
Batting: LHB Armando Carbajal 0-0: Ball
1-0: SINGLE (Groundball, 6D, EV 99.4 MPH)
Batting: RHB Mike Blair 0-0: Ball
1-0: Called Strike
1-1: Ball
2-1: Foul Ball, location: 2F
2-2: Ball
3-2: Base on Balls
Armando Carbajal to second
Batting: SHB Andrew Wray II 0-0: Swinging Strike
0-1: Swinging Strike
0-2: Strikes out swinging
Batting: RHB Luis Torres 0-0: Foul Ball, location: 2F
0-1: Swinging Strike
0-2: Foul Ball, location: 2F
0-2: Strikes out looking
Top of the 6th over - 0 runs, 1 hit, 0 errors, 2 left on base; Washington 5 - Philadelphia 3
BOTTOM OF THE 6TH
Philadelphia Phillies batting - Pitching for Washington Nationals : RHP Chitoji Takemoto
Batting: LHB Alberto Figueroa 0-0: Ball
1-0: Ball
2-0: Fly out, F8 (Flyball, 8RM, EV 74.4 MPH)
Batting: LHB Ryan Trombley 0-0: Swinging Strike
0-1: Ball
1-1: Ball
2-1: Swinging Strike
2-2: Foul Ball, location: 2F
2-2: Foul Ball, location: 2F
2-2: Foul Ball, location: 2F
2-2: Ball
3-2: Foul Ball, location: 2F
3-2: SINGLE (Flyball, 4D, EV 93.8 MPH)
Batting: RHB Raul de la Cruz 0-0: Ball
1-0: Ball
2-0: SINGLE (Line Drive, 34, EV 108.8 MPH)
Ryan Trombley to second
Pitching: RHP Chris Painter
Batting: LHB Nick Canizales 0-0: Ball
Ryan Trombley steals 3rd base
1-0: Ball
2-0: Ball
3-0: Called Strike
3-1: Base on Balls
Raul de la Cruz to second
Batting: RHB Chef Belew 0-0: Ball
1-0: Ball
2-0: Called Strike
2-1: Ball
3-1: Foul Ball, location: 2F
3-2: Base on Balls
Ryan Trombley scores
Raul de la Cruz to third
Nick Canizales to second
Pinch Hitting: SHB Rafael Vazquez 0-0: Ball
1-0: Called Strike
1-1: SINGLE (Line Drive, 6MD, EV 96.2 MPH)
Raul de la Cruz scores
Nick Canizales to third
Chef Belew to second
Batting: SHB Patrick Kimmel 0-0: Swinging Strike
0-1: Ball
1-1: Ball
2-1: Foul Ball, location: 2F
2-2: Grounds into double play, 5-2-3 (Groundball, 6S, EV 70.0 MPH)
Bottom of the 6th over - 2 runs, 3 hits, 0 errors, 2 left on base; Washington 5 - Philadelphia 5
TOP OF THE 7TH
Washington Nationals batting - Pitching for Philadelphia Phillies : LHP Luis Concepcion
Now at SS: Mitch Boyd
Batting: RHB C.J. Beavers 0-0: Ball
1-0: Ball
2-0: Ball
3-0: Foul Ball, location: 2F
3-1: Fly out, F5 (Popup, 15, EV 76.9 MPH)
Batting: SHB Junzo Kato 0-0: Called Strike
0-1: Foul Ball, location: 2F
0-2: Ball
1-2: Ball
2-2: Ground out 5-3 (Groundball, 56, EV 108.8 MPH)
Batting: RHB John Sanders 0-0: Swinging Strike
0-1: Foul Ball, location: 2F
0-2: Ball
1-2: Ball
2-2: Strikes out swinging
Top of the 7th over - 0 runs, 0 hits, 0 errors, 0 left on base; Washington 5 - Philadelphia 5
BOTTOM OF THE 7TH
Philadelphia Phillies batting - Pitching for Washington Nationals : RHP Chris Painter
Batting: RHB Ji-an Li 0-0: Called Strike
0-1: Ball
1-1: Called Strike
1-2: Strikes out swinging
Batting: LHB Eric Katz 0-0: Foul Ball, location: 2F
0-1: SINGLE (Line Drive, 89M, EV 96.2 MPH)
Batting: LHB Alberto Figueroa 0-0: Ball
1-0: Foul Ball, location: 2F
1-1: Ball
2-1: Foul Ball, location: 2F
2-2: Strikes out swinging
Batting: LHB Ryan Trombley 0-0: Called Strike
0-1: Ball
1-1: 2-RUN HOME RUN (Line Drive, 78XD, EV 105.0 MPH), Distance : 405 ft
Batting: RHB Raul de la Cruz 0-0: Called Strike
0-1: Ball
1-1: Swinging Strike
1-2: Foul Ball, location: 2F
1-2: Ball
2-2: Foul Ball, location: 2F
2-2: Foul Ball, location: 2F
2-2: Ball
3-2: Strikes out swinging
Bottom of the 7th over - 2 runs, 2 hits, 0 errors, 0 left on base; Washington 5 - Philadelphia 7
TOP OF THE 8TH
Washington Nationals batting - Pitching for Philadelphia Phillies : LHP Luis Concepcion
Pitching: LHP Rico Saldarriaga
Batting: LHB R.J. O'Brien 0-0: Called Strike
0-1: Ball
1-1: Called Strike
1-2: Ball
2-2: Ball
3-2: Strikes out looking
Batting: RHB Tommy Baird 0-0: Called Strike
0-1: Ball
1-1: Swinging Strike
1-2: Foul Ball, location: 2F
1-2: Ground out 6-3 (Groundball, 6, EV 109.4 MPH)
Pinch Hitting: RHB Dan Fallon 0-0: Foul Ball, location: 2F
0-1: Called Strike
0-2: Strikes out swinging
Top of the 8th over - 0 runs, 0 hits, 0 errors, 0 left on base; Washington 5 - Philadelphia 7
BOTTOM OF THE 8TH
Philadelphia Phillies batting - Pitching for Washington Nationals : RHP Chris Painter
Pitching: LHP Keith Pratt
Now at 1B: Dan Fallon
Batting: LHB Nick Canizales 0-0: Called Strike
0-1: Ball
1-1: Ground out 6-3 (Groundball, 4M, EV 105.0 MPH)
Batting: RHB Chef Belew 0-0: Ball
1-0: Foul Ball, location: 2F
1-1: Called Strike
1-2: Ground out 1-3 (Groundball, 13S, EV 71.2 MPH)
Batting: RHB Mitch Boyd 0-0: Ground out 5-3 (Groundball, 56, EV 81.9 MPH)
Bottom of the 8th over - 0 runs, 0 hits, 0 errors, 0 left on base; Washington 5 - Philadelphia 7
TOP OF THE 9TH
Washington Nationals batting - Pitching for Philadelphia Phillies : LHP Rico Saldarriaga
Batting: RHB Mike Blair 0-0: Called Strike
0-1: SOLO HOME RUN (Flyball, 89XD, EV 96.2 MPH) (Inside the Park)
Batting: SHB Andrew Wray II 0-0: Ball
1-0: Foul Ball, location: 2F
1-1: Foul Ball, location: 2F
1-2: Strikes out swinging
Batting: RHB Luis Torres 0-0: Called Strike
0-1: Foul Ball, location: 2F
0-2: Strikes out swinging
Batting: RHB C.J. Beavers 0-0: Ball
1-0: Foul Ball, location: 2F
1-1: Fly out, F8 (Flyball, 8LD, EV 101.2 MPH)
Top of the 9th over - 1 run, 1 hit, 0 errors, 0 left on base; Washington 6 - Philadelphia 7
Thursday, March 31st , 2022 - OOTP Baseball 22.12 Build 89